 Dungeon Crawl Stone Soup version 0.31.0-32-g396128a36d (webtiles) character file.

Game seed: 2990810714203109273

16366 S4ndwich the Basher (level 12, -3/106 HPs)
             Began as a Minotaur Fighter on Feb 18, 2024.
             Was a Believer of the Shining One.
             Slain by an elephant (8 damage)
             ... on level 3 of the Lair of Beasts on Apr 11, 2024.
             The game lasted 02:19:06 (12230 turns).

S4ndwich the Basher (Minotaur Fighter)             Turns: 12230, Time: 02:19:06

Health: -3/106     AC: 16    Str: 26    XL:     12   Next: 9%
Magic:  11/11      EV:  9    Int:  5    God:    the Shining One [**....]
Gold:   262        SH:  8    Dex: 16    Spells: 11/11 levels left

rFire   . . .        a - +0 flail
rCold   . . .        P - +2 buckler
rNeg    + . .        L - +0 plate armour
rPois   .            (helmet restricted)
rElec   .            (no cloak)
rCorr   .            o - +0 pair of gloves
SInv    +            (no boots)
Will    .....        (no amulet) Stlth
                     R - ring of see invisible
HPRegen 0.37/turn    d - +6 ring of dexterity
MPRegen 0.12/turn

%: no passive effects
@: about to teleport, glowing
A: horns 2, retaliatory headbutt
a: Renounce Religion, Divine Shield


You were on level 3 of the Lair of Beasts.
You worshipped the Shining One.
The Shining One was pleased with you.
You visited 3 branches of the dungeon, and saw 14 of its levels.
You also visited: Ossuary.

You collected 487 gold pieces.
You spent 225 gold pieces at shops.

Inventory:

Hand Weapons
 a - a +0 flail (weapon)
 e - a +0 long sword
 D - a +0 falchion of holy wrath
 J - a +0 rapier of speed
 O - a +0 whip of venom
 Q - a +0 halberd
 T - a +0 quarterstaff
Missiles
 j - 6 atropa-tipped darts
 E - 4 javelins
 I - 2 silver javelins (quivered)
 N - 5 poisoned darts
Armour
 n - quicksilver dragon scales
 o - a +0 pair of gloves (worn)
 G - +0 steam dragon scales
 L - a +0 plate armour (worn)
 P - a +2 buckler (worn)
Jewellery
 c - a ring of resist corrosion
 d - a +6 ring of dexterity (right hand)
 p - a ring of resist corrosion
 s - a ring of flight
 H - a ring of positive energy
 R - a ring of see invisible (left hand)
Talismans
 k - a flux talisman
Wands
 h - a wand of polymorph (23)
 m - a wand of flame (12)
 F - a wand of roots (11)
Scrolls
 i - 2 scrolls of immolation
 q - a scroll of revelation {unknown}
 r - a scroll of torment {unknown}
 t - 2 scrolls of amnesia
 x - 2 scrolls of poison
 y - a scroll of fog {unknown}
 A - a scroll of blinking {unknown}
 B - a scroll of vulnerability {unknown}
 C - a scroll of summoning {unknown}
 W - 2 scrolls of brand weapon {unknown}
Potions
 g - 3 potions of enlightenment {unknown}
 l - 2 potions of cancellation
 u - 2 potions of attraction {unknown}
 v - 2 potions of lignification
 w - 2 potions of mutation {unknown}
 z - 2 potions of degeneration {unknown}
 K - a potion of resistance {unknown}
 M - a potion of magic {unknown}
 S - a potion of brilliance {unknown}


   Skills:
 + Level 10.1 Fighting
 - Level 4.3 Short Blades
 + Level 12.9 Maces & Flails
 * Level 9.8 Polearms
 + Level 10.8 Armour
 - Level 4.0 Dodging
 - Level 0.4 Stealth
 + Level 9.3 Shields
 - Level 0.3 Evocations


You had 11 spell levels left.
You didn't know any spells.
Your spell library contained the following spells:

 Spells                   Type           Power      Damage    Failure   Level
 Slow                     Hex            0%         N/A       99%         1
 Confusing Touch          Hex            0%         N/A       100%        3
 Sigil of Binding         Hex            0%         N/A       100%        3
 Tukima's Dance           Hex            0%         N/A       100%        3
 Vampiric Draining        Necr           0%         2d6       100%        3
 Passage of Golubria      Tloc           0%         N/A       100%        4
 Yara's Violent Unravell  Hex/Alch       0%         3d3       100%        5


Dungeon Overview and Level Annotations

Branches:
Dungeon (9/15)               Lair (4/5) D:8          Spider (1/4) Lair:3
Ossuary (visited)
 Temple: D:4-7        Swamp: Lair:2-3    Shoals: Lair:2-3     Slime: Lair:4-5
    Orc: D:9-12

Altars:
Cheibriados
Elyvilon
Kikubaaqudgha
Okawaru
Qazlal
Uskayaw
Zin
The Shining One

Shops:
D:6 [:   D:8 =

Annotations:
Lair:2 1 runed translucent door, Derpydoo's ghost, journeyman HOBe
Lair:3 Prince Ribbit


Innate Abilities, Weirdness & Mutations

You have a pair of horns on your head.
You reflexively headbutt those who attack you in melee.


Message History

* * * LOW HITPOINT WARNING * * *
You stumble backwards!
Prince Ribbit blinks! x2
The elephant attacks as it pursues you! The elephant tramples you.
* * * LOW HITPOINT WARNING * * *
You stumble backwards!
Aiming: Polymorph
Press: ? - help, Q - select action, (/) - cycle Shift-Dir - straight line
Okay, then.
Aiming: Fastroot
Press: ? - help, Q - select action, (/) - cycle Shift-Dir - straight line The roots erupt in riotous growth!
Roots grab the elephant.
The grasping roots constrict the elephant.
The grasping roots constrict the elephant, but do no damage.
The roots release their grip on the elephant.
The elephant attacks as it pursues you! The elephant completely misses you.
The elephant trunk-slaps you but does no damage.
You hit the elephant.
The elephant is moderately wounded.
The elephant tramples you!
* * * LOW HITPOINT WARNING * * *
You stumble backwards!
As you read the scroll of teleportation, it crumbles to dust.
You feel strangely unstable. The elephant tramples you!
* * * LOW HITPOINT WARNING * * *
You hold your ground!
The elephant trunk-slaps you but does no damage.
You hit the plant.
The plant begins to die.
You headbutt the plant!
The plant is lightly damaged.
You block the elephant's attack. x2
You block the elephant's attack. The elephant barely misses you.
The blink frog hits you but does no damage.
The elephant tramples you but does no damage.
The elephant trunk-slaps you but does no damage.
You block the blink frog's attack.
A nearby plant withers and dies.
The blink frog hits you but does no damage.
The elephant tramples you!
You die...

.#####P...#..#####....######.P#
## ####....#####....####....#
.###### ##....#.###....##.....#
......####.....#.###...##....##
......F.#####P..####...###..[###
.#......## #....##.^...#....#.#
...#P....####...P###..........##
#.####....#.#..F.# #..........#
...# #.......#.Y@###....#....##
...####.........###.....##...#
....####........####...###...#
.....# #...##....###...# #...###
.....###....##.####....# #.....#
.......#...#.##.##.....# #.<.###
..#..##....##.######...###...##
....##......#..### #...##.....#
.P...###..F###...###...##..####


You could see an elephant and a blink frog.

Vanquished Creatures
  Harold (Lair:1)
  A hydra (Lair:3)
  A pharaoh ant (Lair:3)
  4 black mambas
  An elephant (Lair:3)
  6 cane toads
  2 komodo dragons (Lair:1)
  2 rime drakes
  A spectral skyshark (Lair:3)
  Grinder (D:2)
  3 blink frogs
  A jumping spider (Lair:3)
  20 yaks
  3 wyverns
  A spectral komodo dragon (Lair:3)
  3 steam dragons
  A basilisk (Lair:2)
  7 water moccasins
  An orc warrior (D:8)
  A sky beast (D:6)
  2 ice beasts
  2 black bears
  9 wolves
  2 phantoms (D:5)
  11 bullfrogs
  A gnoll sergeant (D:8)
  9 scorpions
  3 wights (D:6)
  12 killer bees (D:8)
  3 centaur zombies (Ossuary)
  2 howler monkeys
  An orc priest (D:6)
  3 human zombies (Ossuary)
  A jelly (D:7)
  2 bombardier beetles
  2 sleepcaps
  An iguana (D:8)
  6 hell rats
  2 orc wizards
  4 scorpion zombies (Ossuary)
  3 mummies (Ossuary)
  3 gnolls (D:8)
  7 river rats (Lair:1)
  5 adders
  3 shadow imps
  2 ufetubi (D:6)
  An adder zombie (Ossuary)
  4 dart slugs
  11 orcs
  4 bats
  8 endoplasms
  3 giant cockroaches
  6 hobgoblins
  5 jackals
  5 quokkas
  4 ball pythons
  A ball python zombie (Ossuary)
  3 frilled lizards (D:1)
  4 goblins
  5 jackal zombies (Ossuary)
  6 kobolds
  3 orc zombies (Ossuary)
  9 rats
244 creatures vanquished.

Vanquished Creatures (others)
  A gnoll (D:8)
1 creature vanquished.

Grand Total: 245 creatures vanquished

Notes
Turn   | Place    | Note
-------+----------+-------------------------------------------
     0 | D:1      | S4ndwich the Minotaur Fighter began the quest for the Orb.
     0 | D:1      | Reached XP level 1. HP: 19/19 MP: 0/0
    98 | D:1      | Reached XP level 2. HP: 27/27 MP: 1/1
   275 | D:1      | Found a faded altar of an unknown god.
   436 | D:1      | Reached skill level 3 in Maces & Flails
   436 | D:1      | Reached XP level 3. HP: 33/33 MP: 2/2
  1012 | D:2      | Found a hide-covered altar of Uskayaw.
  1269 | D:3      | Noticed Sigmund
  1307 | D:3      | Reached XP level 4. HP: 35/40 MP: 3/3
  1310 | D:3      | Noticed Grinder
  1327 | D:3      | Reached skill level 4 in Maces & Flails
  1432 | D:3      | Paralysed by Grinder for 4 turns
  1439 | D:2      | Killed Grinder
  1440 | D:2      | Reached skill level 5 in Maces & Flails
  1440 | D:2      | Reached skill level 5 in Armour
  1440 | D:2      | Reached skill level 1 in Dodging
  1440 | D:2      | Reached XP level 5. HP: 4/47 MP: 4/4
  1440 | D:2      | Reached XP level 6. HP: 5/53 MP: 5/5
  1677 | D:3      | Noticed Sigmund
  1683 | D:3      | Killed Sigmund the rat
  2246 | D:4      | Reached skill level 6 in Maces & Flails
  2327 | D:5      | Entered Level 5 of the Dungeon
  2885 | D:5      | Upgraded the game from 0.31.0-12-g77e489cdc1 to
                  | 0.31.0-32-g396128a36d
  2893 | D:5      | Reached XP level 7. HP: 55/60 MP: 6/6
  2971 | D:5      | Reached skill level 7 in Maces & Flails
  3254 | D:6      | Reached skill level 5 in Fighting
  3300 | D:6      | Found an iron altar of Okawaru.
  3335 | D:6      | Found a stormy altar of Qazlal.
  3351 | D:6      | Reached skill level 8 in Maces & Flails
  3356 | D:6      | Reached XP level 8. HP: 60/68 MP: 7/7
  3623 | D:6      | Found Gisy's Self-Published Books.
  3633 | D:6      | Found a sand-covered staircase.
  3642 | Ossuary  | Entered an ossuary
  3774 | Ossuary  | Reached skill level 9 in Maces & Flails
  4023 | D:6      | Found a snail-covered altar of Cheibriados.
  4137 | D:6      | Reached skill level 10 in Maces & Flails
  4140 | D:6      | Reached XP level 9. HP: 75/75 MP: 8/8
  4143 | D:6      | Found Xetyhu Gavoa's Armour Emporium.
  4765 | D:7      | Reached skill level 5 in Shields
  5492 | D:8      | Found a glowing silver altar of Zin.
  5567 | D:8      | Reached skill level 1 in Short Blades
  5746 | D:8      | Found a staircase to the Lair.
  6144 | D:8      | Found an ancient bone altar of Kikubaaqudgha.
  6247 | D:8      | Reached skill level 11 in Maces & Flails
  6579 | D:8      | Found Huarua's Jewellery Emporium.
  6587 | D:8      | Bought a ring of see invisible for 225 gold pieces
  6693 | D:8      | Found a white marble altar of Elyvilon.
  6693 | D:8      | Found a glowing golden altar of the Shining One.
  6701 | D:8      | Became a worshipper of the Shining One
  7014 | Lair:1   | Entered Level 1 of the Lair of Beasts
  7103 | Lair:1   | Noticed Harold
  7207 | Lair:1   | Noticed a komodo dragon
  7228 | Lair:1   | Killed Harold
  7229 | Lair:1   | Reached XP level 10. HP: 51/86 MP: 9/9
  7937 | Lair:2   | Found a runed translucent door.
  8008 | Lair:1   | HP: 1/88 [komodo dragon (15)]
  8589 | Lair:2   | Reached skill level 5 in Polearms
  8696 | Lair:2   | Noticed a black mamba
  8709 | Lair:2   | Killed a black mamba
  8724 | Lair:2   | Noticed a black mamba
  8748 | Lair:2   | Killed a black mamba
  9021 | Lair:2   | Reached XP level 11. HP: 85/95 MP: 10/10
  9286 | Lair:2   | Reached skill level 12 in Maces & Flails
  9291 | Lair:2   | HP: 4/94 [poisoned by a cane toad]
  9608 | Lair:2   | Reached * piety under the Shining One
  9887 | Lair:2   | Reached skill level 10 in Armour
 10064 | Lair:2   | Noticed Derpydoo's ghost (journeyman HOBe)
 10344 | Lair:2   | Identified the -2 helmet "Kotamusu" {rF- Will+ rCorr SInv}
 10470 | Lair:3   | Found a hole to the Spider Nest.
 10470 | Lair:3   | Noticed a pharaoh ant
 10482 | Lair:3   | Killed a pharaoh ant
 10661 | Spider:1 | Entered Level 1 of the Spider Nest
 10977 | Lair:4   | Noticed a skyshark
 11086 | Lair:3   | Reached ** piety under the Shining One
 11087 | Lair:3   | Noticed a ghost crab
 11878 | Lair:3   | Noticed a four-headed hydra
 11898 | Lair:3   | Killed a four-headed hydra
 11899 | Lair:3   | Reached skill level 10 in Fighting
 11899 | Lair:3   | Reached XP level 12. HP: 63/106 MP: 11/11
 12155 | Lair:3   | Noticed Prince Ribbit
 12226 | Lair:3   | HP: 3/106 [elephant (10)]
 12230 | Lair:3   | Slain by an elephant

Illustrated notes

Levels and vault maps discovered:
D:1:      saegor_arrival_simple_e, layout_rooms,
          hellmonk_ecumenical_altar_inner_sanctum, st_stairs_6
D:2:      layout_rooms, basic_altar, minmay_indecisive_spiral
D:3:      layout_rooms, serial_bayou, serial_bayou_lagoon_a,
          serial_bayou_lagoon_b, serial_bayou_pond_e, serial_bayou_pond_b,
          grunt_ministairs_4, uniq_sigmund, uniq_grinder
D:4:      layout_basic
D:5:      layout_gridville, nicolae_ru_the_path_less_chosen,
          gammafunk_temple_overflow_claw, minmay_temple_entry_glassed_door,
          lightli_minifort
D:6:      layout_gridville, lemuel_doored_altar,
          mainiacjoe_overflow_large_starburst, enter_ossuary_1, serial_shops,
          kennysheep_mini, nicolae_custom_books
D:7:      layout_gridville
D:8:      layout_layer_cave, dreamdust_divine_triumvirate,
          nicolae_kikubaaqudgha_miasma_corner, erik_lair_orcish_takeover,
          serial_shops, shop
D:9:      layout_gridville, vehumet_statue, erik_orc_1, grunt_ministairs_2,
          the_hattery
Lair:1:   layout_small_grid, kennysheep_rathole, uniq_harold
Lair:2:   layout_chaotic_city, ebering_ghost_reflecting_pool
Lair:3:   layout_concentric_octagons, nicolae_swamp_entry_spooky,
          nicolae_spider_entry_lesser_pyramids, uniq_prince_ribbit2
Lair:4:   layout_cave_pods, grunt_megastairs_5
Spider:1: layout_chambers, drop_trap, hangedman_spider_tarantella_strand

Skill      XL: |  1  2  3  4  5  6  7  8  9 10 11 |
---------------+----------------------------------+-----
Armour         | 4 5 6 7 8 9 10 | 10.8
Shields        | 4 6 7 9 |  9.3
Maces & Flails | 3 5 6 8 10 11 12 | 12.9
Fighting       | 4 5 7 8 10 | 10.1
Dodging        | 1 2 4 |  4.0
Short Blades   | 4 |  4.3
Polearms       | 2 6 9 |  9.8
Stealth        | |  0.4
Evocations     | |  0.3

Action                     |  1- 3 |  4- 6 |  7- 9 | 10-12 || total
---------------------------+-------+-------+-------+-------++-------
  Melee: Flail             |    84 |    91 |   354 |   428 ||   957
         Headbutt          |    12 |    10 |    79 |   107 ||   208
  Throw: Javelin           |       |       |       |    29 ||    29
         Throwing net      |       |       |       |     2 ||     2
  Evoke: Wand              |       |     2 |     4 |     5 ||    11
    Use: Potion            |       |     1 |     5 |    18 ||    24
         Scroll            |       |     5 |     6 |     5 ||    16
 Armour: Scale mail        |    47 |    43 |       |       ||    90
         Ring mail         |       |    14 |   137 |       ||   151
         Plate armour      |       |       |   113 |   398 ||   511
  Dodge: Dodged            |    46 |    39 |   156 |   151 ||   392
  Block: Buckler           |    21 |     4 |    64 |   181 ||   270
